 Dungeon Crawl Stone Soup version 0.13.1-19-g4b9377e (webtiles) character file.

5876 Kae the Covert (level 10, -10/44 HPs)
             Began as a Spriggan Enchanter on Dec 20, 2013.
             Was an Elder of Okawaru.
             Mangled by an elephant (12 damage)
             ... on Level 9 of the Dungeon.
             The game lasted 00:25:14 (10741 turns).

Kae the Covert (Spriggan Enchanter)                Turns: 10741, Time: 00:25:14

HP -10/44        AC 10     Str  7      XL: 10   Next: 37%
MP  24/28        EV 18     Int 18      God: Okawaru [****..]
Gold 570         SH  0     Dex 16      Spells:  3 memorised, 17 levels left

Res.Fire  : . . .   See Invis. : +   b - +3,+2 sabre (protect)
Res.Cold  : . . .   Warding    : .   E - +2 robe
Life Prot.: . . .   Conserve   : .   (shield restricted)
Res.Poison: .       Res.Corr.  : .   (helmet restricted)
Res.Elec. : .       Clarity    : .   M - +0 cloak (curse)
Sust.Abil.: . .     Spirit.Shd : .   (gloves unavailable)
Res.Mut.  : +       Rnd.Telep. : +   (boots unavailable)
Res.Rott. : .       Flight     : .   K - amulet of resist mutation
Saprovore : . . .                    l - ring of protection from magic
                                     H - cursed ring of teleportation

@: burdened, very quick, very resistant to hostile enchantments, quite stealthy
A: unfitting armour, see invisible, herbivore 3, speed 3, slow metabolism 2
a: Heroism, Renounce Religion, Evoke Teleportation


You were on level 9 of the Dungeon.
You worshipped Okawaru.
Okawaru was greatly pleased with you.
You were encumbered.
You were very hungry.

You visited 2 branches of the dungeon, and saw 10 of its levels.

You collected 550 gold pieces.

Inventory:

Hand weapons
 a - a +2,+1 dagger {=f}
 b - a +3,+2 sabre of protection (weapon)
Missiles
 d - 35 darts
 e - 2 darts of dispersal (quivered)
 y - 9 steel darts
 I - 13 darts of frost
Armour
 E - a +2 robe (worn)
 M - a cursed +0 cloak (worn)
Magical devices
 r - a wand of confusion (24)
 s - a wand of cold (8) {unknown}
 x - a wand of teleportation (3)
 B - a wand of magic darts (15)
 N - a wand of random effects (14) {unknown}
Comestibles
 i - 12 bread rations
 m - an orange
 z - 2 apples
Scrolls
 f - 3 scrolls of magic mapping
 g - a scroll of enchant weapon II
 p - 2 scrolls of fog
 q - 2 scrolls of enchant weapon I
 u - a scroll of identify
 D - a scroll of fear
 L - a scroll of teleportation
Jewellery
 l - a ring of protection from magic (right hand)
 n - an uncursed ring of protection from fire
 H - a cursed ring of teleportation (left hand)
 K - an amulet of resist mutation (around neck)
Potions
 h - a potion of berserk rage
 j - a potion of resistance
 k - a potion of heal wounds
 t - 2 potions of agility
 C - 5 potions of curing
 F - 2 potions of paralysis
Books
 c - a book of Maledictions

   Spells                             Type                      Level
   *Corona                            Hexes                        1
   Sure Blade                         Hexes/Charms                 2
   *Ensorcelled Hibernation           Hexes/Ice                    2
   *Confuse                           Hexes                        3
   Enslavement                        Hexes                        4
   Invisibility                       Hexes                        6
 A - a book of Wizardry

   Spells                             Type                      Level
   Summon Elemental                   Summoning                    4
   Agony                              Necromancy                   5
   Force Lance                        Conjuration                  5
   Fireball                           Conjuration/Fire             5
   Haste                              Charms                       6
   Invisibility                       Hexes                        6


   Skills:
 * Level 9.8 Short Blades
 - Level 1.1 Throwing
 - Level 3.0 Dodging
 * Level 13.6 Stealth
 + Level 7.4 Spellcasting
 + Level 8.5 Hexes


You had 17 spell levels left.
You knew the following spells:

 Your Spells              Type           Power        Failure   Level  Hunger
a - Corona                Hex            #####..      1%          1    None
b - Ensorcelled Hibernat  Hex/Ice        ###...       2%          2    None
c - Confuse               Hex            #####...     1%          3    ##.....


Dungeon Overview and Level Annotations

Branches:
Dungeon (9/27)             Temple (1/1) D:4             Orc (0/4) D:7
   Lair: D:8-13

Altars:
Ashenzari
Cheibriados
Elyvilon
Fedhas
Kikubaaqudgha
Makhleb
Nemelex Xobeh
Okawaru
Sif Muna
Trog
Vehumet
Xom
Yredelemnul
Zin
the Shining One

Shops:
D:4 (

Annotations:
D:6 Dowan
D:9 Grum


Innate Abilities, Weirdness & Mutations

You are tiny and cannot use many weapons and most armour.
You have supernaturally acute eyesight.
You are a herbivore.
You cover ground extremely quickly.
You need consume almost no food.


Message History

* * * LOW HITPOINT WARNING * * *
You stumble backwards!
A goliath beetle comes into view.
Casting: Ensorcelled Hibernation
Confirm with . or Enter, or press ? or * to list all spells.
Aiming: Ensorcelled Hibernation
Press: ? - help, Shift-Dir - straight line, f/p - elephant
Aim: an elephant The elephant easily resists.
The elephant tramples you!
* * * LOW HITPOINT WARNING * * *
You stumble backwards!
Casting: Ensorcelled Hibernation
Confirm with . or Enter, or press ? or * to list all spells.
Aiming: Ensorcelled Hibernation
Press: ? - help, Shift-Dir - straight line, f/p - elephant
Aim: an elephant The elephant easily resists.
There is a stone staircase leading up here.
The elephant tramples you!
You die...

###########
#..Y@.....##
#Y##.##......
#.##B#....#.
#Y##....#
#.##.##.#....
#.##.....%#
#.......###
####.##.....
..# #....


You could see 2 elephants and a goliath beetle.

Vanquished Creatures
  2 elephants (D:9)
  A spriggan (D:7)
  Prince Ribbit (D:8)
  Eustachio (D:7)
  Edmund (D:7)
  A manticore (D:9)
  2 wolves (D:9)
  An ice beast (D:6)
  2 sky beasts
  3 black bears
  A phantom (D:7)
  A centaur (D:5)
  3 orc warriors
  A crocodile (D:8)
  2 ogres
  Duvessa (D:6)
  A water moccasin (D:8)
  Blork the orc (D:7)
  3 giant frogs
  7 wights
  A jelly (D:4)
  A hippogriff skeleton (D:5)
  A centaur zombie (D:7)
  2 goliath beetles
  A giant frog skeleton (D:7)
  Crazy Yiuf (D:7)
  6 orc priests
  6 crimson imps
  8 hounds
  A gnoll shaman (D:8)
  2 scorpions
  4 iguanas
  2 orc wizards (D:8)
  9 worker ants
  An ogre skeleton (D:8)
  A hound skeleton (D:5)
  6 gnolls
  A worker ant zombie (D:6)
  9 adders
  11 green rats (D:6)
  A worm zombie (D:6)
  2 giant eyeballs
  2 giant geckos
  An ooze (D:4)
  31 orcs
  A bat skeleton (D:8)
  6 giant cockroaches
  12 hobgoblins
  2 quokkas
  A ball python (D:7)
  12 bats
  7 giant newts
  A giant spore (D:9)
  23 goblins
  A goblin skeleton (D:5)
  7 jackals
  14 kobolds
  A kobold skeleton (D:4)
  2 orc skeletons
  26 rats
263 creatures vanquished.

Notes
Turn   | Place    | Note
--------------------------------------------------------------
     0 | D:1      | Kae, the Spriggan Enchanter, began the quest for the Orb.
     0 | D:1      | Reached XP level 1. HP: 9/9 MP: 4/4
   213 | D:1      | Reached XP level 2. HP: 13/13 MP: 6/6
   245 | D:1      | Learned a level 2 spell: Ensorcelled Hibernation
  1217 | D:1      | Reached skill level 4 in Stealth
  1217 | D:1      | Reached XP level 3. HP: 16/16 MP: 6/9
  1636 | D:2      | Reached XP level 4. HP: 10/21 MP: 3/11
  2427 | D:3      | Found a sparkling altar of Nemelex Xobeh.
  2558 | D:3      | Reached skill level 5 in Stealth
  2699 | D:4      | Found Psinoewnay's Antique Weapon Boutique.
  2710 | D:4      | Reached XP level 5. HP: 24/24 MP: 14/14
  2758 | D:4      | Noticed an ogre
  2764 | D:4      | Killed an ogre
  2764 | D:4      | Reached skill level 6 in Stealth
  2792 | D:4      | Reached XP level 6. HP: 17/28 MP: 0/18
  3201 | D:4      | Found a staircase to the Ecumenical Temple.
  3203 | D:4      | Reached skill level 5 in Hexes
  3224 | Temple   | Entered the Ecumenical Temple
  3269 | Temple   | Became a worshipper of Warmaster Okawaru
  3576 | D:5      | Entered Level 5 of the Dungeon
  3737 | D:4      | Learned a level 3 spell: Confuse
  3745 | D:4      | Reached skill level 7 in Stealth
  4042 | D:5      | Reached XP level 7. HP: 32/32 MP: 17/20
  4115 | D:5      | Reached skill level 5 in Short Blades
  4123 | D:5      | Acquired Okawaru's first power
  4123 | D:5      | Reached skill level 8 in Stealth
  4521 | D:6      | Reached skill level 9 in Stealth
  4553 | D:6      | Reached XP level 8. HP: 10/36 MP: 2/22
  4949 | D:6      | Noticed Prince Ribbit
  4964 | D:6      | Found a deep blue altar of Sif Muna.
  4964 | D:6      | Noticed Duvessa
  4964 | D:6      | Noticed Dowan
  4980 | D:6      | Killed Duvessa
  6032 | D:6      | Reached skill level 10 in Stealth
  6338 | D:6      | Reached skill level 5 in Spellcasting
  6599 | D:7      | Found a staircase to the Orcish Mines.
  6674 | D:7      | Noticed Eustachio
  6682 | D:7      | Killed Eustachio
  6850 | D:7      | Noticed Blork the orc
  6855 | D:7      | Killed Blork the orc
  6855 | D:7      | Reached XP level 9. HP: 39/39 MP: 20/25
  6944 | D:7      | Reached skill level 11 in Stealth
  7337 | D:7      | Noticed Edmund
  7342 | D:7      | Killed Edmund
  7402 | D:7      | Noticed a spriggan baker
  7451 | D:7      | HP: 1/39 [spriggan baker/runed flail (11)]
  7515 | D:7      | Killed a spriggan baker
  7904 | D:7      | Reached skill level 12 in Stealth
  8065 | D:7      | Noticed Crazy Yiuf
  8069 | D:7      | Killed Crazy Yiuf
  8910 | D:8      | Found an ancient bone altar of Kikubaaqudgha.
  9641 | D:8      | Killed Prince Ribbit
  9641 | D:8      | Reached XP level 10. HP: 44/44 MP: 21/28
  9894 | D:9      | Reached skill level 13 in Stealth
 10042 | D:9      | Noticed Grum
 10043 | D:9      | Noticed an elephant
 10044 | D:9      | Noticed an elephant
 10048 | D:9      | Noticed an elephant
 10200 | D:9      | Noticed an elephant
 10563 | D:9      | Killed an elephant
 10651 | D:9      | Killed an elephant
 10726 | D:9      | Noticed an elephant
 10726 | D:9      | Noticed an elephant
 10733 | D:9      | HP: 1/44 [elephant (14)]
 10741 | D:9      | Mangled by an elephant

Action                   |  1- 3 |  4- 6 |  7- 9 | 10-12 || total
-------------------------+-------+-------+-------+-------++-------
Melee: Dagger            |   112 |   187 |   265 |       ||   564
       Sabre             |       |       |   155 |    53 ||   208
Throw: Dart              |       |       |       |     1 ||     1
 Cast: Ensorcelled Hiber |    15 |    16 |   154 |    44 ||   229
       Confuse           |       |     3 |    23 |     4 ||    30
       Corona            |       |       |     2 |       ||     2
Invok: Heroism           |       |       |     1 |       ||     1
Evoke: Wand              |       |     3 |     2 |       ||     5
  Use: Scroll            |     3 |     9 |     6 |     1 ||    19
       Potion            |     1 |     1 |     8 |     1 ||    11
 Stab: Sleeping          |    14 |    24 |   106 |    22 ||   166
       Confused          |       |       |     8 |     1 ||     9
       Distracted        |       |       |     3 |     2 ||     5
